 Dungeon Crawl Stone Soup version 0.19.4-10-g532645f (webtiles) character file.

90 Naow the Conjurer (level 4, -4/24 HPs)
             Began as a Deep Elf Conjurer on Feb 25, 2017.
             Slain by Grinder (8 damage)
             ... while paralysed by Grinder
             ... on level 3 of the Dungeon.
             The game lasted 00:02:48 (2245 turns).

Naow the Conjurer (Deep Elf Conjurer)               Turns: 2245, Time: 00:02:49

Health: -4/24      AC:  2    Str:  5    XL:     4   Next: 32%
Magic:  0/11       EV:  2    Int: 21    God:
Gold:   119        SH:  0    Dex: 15    Spells: 2 memorised, 7 levels left

rFire  . . .     SeeInvis .     (no weapon)
rCold  . . .     Gourm    .     a - +0 robe
rNeg   . . .     Faith    .     (no shield)
rPois  .         Spirit   .     (no helmet)
rElec  .         Reflect  .     (no cloak)
rCorr  .         Harm     .     (no gloves)
MR     .....                    (no boots)
Stlth  ++........               (no amulet)
                                (no ring)
                                (no ring)

@: paralysed
A: no striking features
a: no special abilities


You were on level 3 of the Dungeon.
You were not hungry.

You visited 1 branch of the dungeon, and saw 3 of its levels.

You collected 119 gold pieces.

Inventory:

Armour
 a - a +0 robe (worn)
Jewellery
 g - an uncursed ring of poison resistance {unknown}
 j - a cursed ring of teleportation {unknown}
 m - an uncursed ring of fire {unknown}
 q - a +5 ring of protection {unknown}
Wands
 f - a wand of iceblast (12/15)
Scrolls
 d - 2 scrolls of magic mapping {unknown}
 e - 3 scrolls of identify {unknown}
 h - 2 scrolls of noise {unknown}
 l - 4 scrolls of remove curse {unknown}
 p - a scroll of immolation {unknown}
Potions
 k - 4 potions of brilliance {unknown}
 o - a potion of agility {unknown}
Books
 b - a book of Conjurations

   Spells                             Type                      Level
   a - Magic Dart                     Conjuration                  1
   b - Searing Ray                    Conjuration                  2
   c - Dazzling Spray                 Conjuration/Hexes            3
   d - Fulminant Prism                Conjuration/Hexes            4
   e - Iskenderun's Mystic Blast      Conjuration                  4
   f - Iskenderun's Battlesphere      Conjuration/Charms           5
Comestibles
 c - 6 bread rations
 i - a beef jerky
 n - a royal jelly


   Skills:
 + Level 2.7 Dodging
 + Level 3.1 Stealth
 + Level 3.5 Spellcasting
 + Level 5.8 Conjurations


You had 7 spell levels left.
You knew the following spells:

 Your Spells              Type           Power        Failure   Level  Hunger
a - Magic Dart            Conj           ####         1%          1    None
b - Searing Ray           Conj           ####..       1%          2    ##.....


Dungeon Overview and Level Annotations

Branches:
Dungeon (3/15)

Altars:

Annotations:
D:3 Grinder


Message History

Casting: Searing Ray
Confirm with . or Enter, or press ? or * to list all spells.
Aiming: Searing Ray
Press: ? - help, Shift-Dir - straight line, f - Grinder
Aim: Grinder (moderately wounded)
The searing ray hits Grinder.
Grinder is heavily wounded. (Press . to maintain the ray.) Grinder hits you.
You writhe in agony.
The searing ray hits Grinder.
Grinder is heavily wounded.
Grinder barely misses you.
The searing ray misses Grinder.
Grinder misses you.
Without enough magic to sustain it, your searing ray dissipates.
Grinder gestures at you.
You suddenly lose the ability to move!
Grinder hits you.
You writhe in agony.
* * * LOW HITPOINT WARNING * * *
Grinder hits you!
You die...

### #### #.#
..#
#.#######.###.#
#........@....#
#.#######5....#
#.# )####.# #.#
#) # #.# .†
########.# ...
.........# #..
########## ###


You could see Grinder.

Vanquished Creatures
  3 adders (D:2)
  An ooze (D:1)
  A dart slug (D:2)
  A leopard gecko (D:2)
  4 orcs (D:3)
  A ball python (D:2)
  7 bats
  A giant cockroach (D:2)
  7 goblins
  9 hobgoblins
  2 jackals (D:2)
  A quokka (D:2)
  A frilled lizard (D:2)
  5 kobolds
  3 rats
47 creatures vanquished.

Notes
Turn   | Place    | Note
-------+----------+-------------------------------------------
     0 | D:1      | Naow the Deep Elf Conjurer began the quest for the Orb.
     0 | D:1      | Reached XP level 1. HP: 10/10 MP: 6/6
   374 | D:1      | Reached XP level 2. HP: 15/15 MP: 5/8
   605 | D:1      | Reached skill level 5 in Conjurations
   702 | D:1      | Learned a level 2 spell: Searing Ray
   798 | D:2      | Reached XP level 3. HP: 19/19 MP: 6/9
  1515 | D:2      | Reached XP level 4. HP: 24/24 MP: 8/11
  2234 | D:3      | Noticed Grinder
  2243 | D:3      | Paralysed by Grinder for 6 turns
  2245 | D:3      | Slain by Grinder

Skill      XL: |  1  2  3  4 |
---------------+-------------+-----
Conjurations   | 5 |  5.8
Stealth        | 3 |  3.1
Dodging        | |  2.7
Spellcasting   | |  3.5

Action                   |  1- 3 |  4- 6 || total
-------------------------+-------+-------++-------
 Cast: Magic Dart        |    68 |    22 ||    90
       Searing Ray       |       |     2 ||     2
  Eat: Chunk             |     2 |     2 ||     4
Dodge: Dodged            |     1 |     4 ||     5
